 Dungeon Crawl Stone Soup version 0.28-a0-206-gc2c9e32840 (webtiles) character file.

Game seed: 2498994506340107973

224 Spaninq the Shield-Bearer (level 5, 0/46 HPs)
             Began as a Draconian Fighter on Aug 20, 2021.
             Was an Initiate of the Shining One.
             Succumbed to a scorpion's poison
             ... on level 4 of the Dungeon.
             The game lasted 00:05:45 (4006 turns).

Spaninq the Shield-Bearer (Draconian Fighter)       Turns: 4006, Time: 00:05:46

Health: 0/46       AC:  6    Str: 20    XL:     5   Next: 67%
Magic:  5/5        EV: 10    Int:  8    God:    the Shining One [......]
Gold:   117        SH:  8    Dex: 10    Spells: 3/4 levels left

rFire   . . .      SeeInvis .   a - +0 long sword
rCold   . . .      Faith    .   b - +0 kite shield
rNeg    . . .      Spirit   .   (armour unavailable)
rPois   .          Reflect  .   (helmet restricted)
rElec   .          Harm     .   (no cloak)
rCorr   +          Rampage  .   (no gloves)
Will    .....                   l - +0 pair of boots
Stlth   +.........              (no amulet)
HPRegen 0.15/turn               m - ring of resist corrosion
MPRegen 0.09/turn               (no ring)

@: lethally poisoned (0 -> -4), glowing
A: AC +5, unfitting armour, cold-blooded
a: Renounce Religion


You were on level 4 of the Dungeon.
You worshipped the Shining One.
The Shining One was noncommittal.
You visited 1 branch of the dungeon, and saw 4 of its levels.

You collected 117 gold pieces.

Inventory:

Hand Weapons
 a - a +0 long sword (weapon)
Armour
 b - a +0 kite shield (worn)
 l - a +0 pair of boots (worn)
Jewellery
 i - a +6 ring of intelligence
 j - a ring of wizardry
 m - a ring of resist corrosion (left hand)
 o - an amulet of reflection
Scrolls
 d - a scroll of immolation {unknown}
 f - a scroll of blinking {unknown}
 k - 2 scrolls of identify {unknown}
 p - a scroll of enchant armour {unknown}
 q - a scroll of acquirement {unknown}
 r - a scroll of vulnerability {unknown}
Potions
 c - a potion of might
 e - a potion of curing {unknown}
 g - a potion of brilliance {unknown}
 h - 2 potions of lignification {unknown}
 n - a potion of ambrosia {unknown}


   Skills:
 + Level 4.1 Fighting
 * Level 3.8 Long Blades
 + Level 3.3 Dodging
 * Level 4.4 Shields


You had 3 spell levels left.
You knew the following spells:

 Your Spells              Type           Power      Damage    Failure   Level
a - Apportation           Tloc           0%         N/A       86%         1

Your spell library contained the following spells:

 Spells                   Type           Power      Damage    Failure   Level
 Animate Skeleton         Necr           0%         N/A       86%         1
 Corona                   Hex            0%         N/A       86%         1
 Summon Small Mammal      Summ           0%         N/A       86%         1
 Passwall                 Tmut/Erth      0%         N/A       95%         2
 Swiftness                Air            0%         N/A       99%         3
 Blade Hands              Tmut           0%         N/A       100%        5
 Irradiate                Conj/Tmut      0%         3d13      100%        5
 Invisibility             Hex            0%         N/A       100%        6
 Dragon Form              Tmut           0%         N/A       100%        7


Dungeon Overview and Level Annotations

Branches:
Dungeon (4/15)
 Temple: D:4-7

Altars:
Dithmenos
Yredelemnul
The Shining One

Annotations:
D:3 1 runed translucent door, Crazy Yiuf


Innate Abilities, Weirdness & Mutations

Your plain brown scales are hard. (AC +5)
You cannot fit into any form of body armour.
You are cold-blooded and may be slowed by cold attacks.


Message History

An adder skeleton comes into view.
You hit the phantom.
The phantom is lightly damaged.
The phantom closely misses you.
You riposte.
You hit the phantom.
The phantom is lightly damaged.
The worm closely misses you. The ogre hits you with a +0 giant club!
The adder skeleton bites you but does no damage.
You block the ogre's attack. The adder skeleton barely misses you.
You riposte.
You hit the adder skeleton. You tail-slap the adder skeleton.
The adder skeleton is heavily damaged.
Found 8 gold pieces.
A goblin comes into view. It is wielding a +0 dagger.
The goblin shouts!
You see here 8 gold pieces.
A scorpion comes into view.
The scorpion misses you.
You riposte.
You closely miss the scorpion.
Your tail-slap misses the scorpion.
You block the scorpion's attack. The goblin closely misses you.
You riposte.
You miss the goblin. The goblin hits you with a +0 dagger.
You block the goblin's attack. You block the scorpion's attack.
The scorpion stings you.
You are poisoned.
The scorpion poisons you!
You feel very sick. The ogre hits you but does no damage. The phantom hits you.
* * * LOW HITPOINT WARNING * * *
The phantom blinks!
You blink.
* * * LOW HITPOINT WARNING * * *
You feel sick. The phantom barely misses you.
* * * LOW HITPOINT WARNING * * *
You feel sick. The phantom hits you.
* * * LOW HITPOINT WARNING * * *
The phantom blinks!
You blink.
* * * LOW HITPOINT WARNING * * *
You feel sick. You block the ogre's attack.
* * * LOW HITPOINT WARNING * * *
You feel sick.
You die...

###### ##......# #....##
##.......## ......##
##w..g.s...####
.#.##..###$#...........#
..#.#..#...##..Zgg.....#
.#.#...##..###...O.....#
.##.#..###.####........#
......## #g.# #...W...##
#....## ##.# #.@....##
####### #Z###.....##
......## #..##....##
..###..####w.....### ###
#.>##..##..## #
#......###.# #
#..w...###..# #
##.......###.# ##
#........## #


You could see a phantom, an ogre, a worm, a scorpion, 3 goblins and an adder
skeleton.

Vanquished Creatures
  A hound (D:4)
  A jelly (D:4)
  An iguana (D:4)
  An orc wizard (D:4)
  4 adders
  An adder skeleton (D:4)
  A worm (D:4)
  6 orcs
  3 ball pythons
  8 endoplasms
  3 giant cockroaches
  2 hobgoblins (D:4)
  4 jackals (D:1)
  8 quokkas
  3 bats (D:1)
  5 frilled lizards
  A giant cockroach zombie (D:3)
  3 goblins
  A jackal zombie (D:3)
  4 kobolds
  7 rats
68 creatures vanquished.

Notes
Turn   | Place    | Note
-------+----------+-------------------------------------------
     0 | D:1      | Spaninq the Draconian Fighter began the quest for the Orb.
     0 | D:1      | Reached XP level 1. HP: 19/19 MP: 1/1
   550 | D:1      | Reached XP level 2. HP: 22/26 MP: 2/2
  1587 | D:2      | Reached XP level 3. HP: 31/31 MP: 3/3
  1588 | D:2      | Found a faded altar of an unknown god.
  1627 | D:2      | Learned a level 1 spell: Apportation
  1879 | D:2      | Found a shadowy altar of Dithmenos.
  2187 | D:3      | Found a basalt altar of Yredelemnul.
  2618 | D:3      | Reached XP level 4. HP: 36/40 MP: 4/4
  2651 | D:3      | Found a glowing golden altar of the Shining One.
  2672 | D:3      | Became a worshipper of the Shining One
  3011 | D:3      | Found a runed translucent door.
  3012 | D:3      | Noticed Crazy Yiuf
  3248 | D:4      | Noticed an ogre
  3325 | D:4      | Reached XP level 5. HP: 38/46 MP: 5/5
  3942 | D:4      | Identified the +4 short sword of Todoffiq {vamp, rN+}
  3967 | D:4      | Noticed a phantom
  4004 | D:4      | HP: 2/46 [poisoned by a scorpion]
  4006 | D:4      | Succumbed to a scorpion's poison

Illustrated notes

Levels and vault maps discovered:
D:1:      erik_arrival_orb_chamber, layout_basic, minmay_misc_feat_iff,
          st_stairs_1, roderic_filled_cross, minmay_misc_feat_diagonals,
          chequers_serial_rivers_large_a, solitary_fountain
D:2:      layout_basic, hellmonk_ecumenical_altar_lost_god, basic_altar
D:3:      layout_basic, mainiacjoe_overflow_24_doors,
          lemuel_zombie_altar_yredelemnul, uniq_crazy_yiuf_cottage
D:4:      kennysheep_the_goblin_king, layout_layer_cave,
          mainiacjoe_overflow_chevrons, minmay_misc_feat_room,
          kennysheep_generic_room_3

Skill      XL: |  1  2  3  4  5 |
---------------+----------------+-----
Dodging        | 3 |  3.3
Long Blades    | 3 |  3.8
Shields        | 4 |  4.4
Fighting       | 4 |  4.1

Action                   |  1- 3 |  4- 6 || total
-------------------------+-------+-------++-------
Melee: Long sword        |   134 |    95 ||   229
       Tailslap          |    18 |    12 ||    30
 Cast: Apportation       |     1 |       ||     1
 Stab: Sleeping          |     1 |       ||     1
Armor: Skin              |    28 |    30 ||    58
Dodge: Dodged            |    68 |    32 ||   100
Block: Kite shield       |    75 |    34 ||   109
       Rpst.: Long sword |    27 |    13 ||    40

Table legend: (Time is in decaauts)
 A = Elapsed time spent in this place.
 B = Non-inter-level travel time spent in this place.
 C = Inter-level travel time spent in this place.
 D = Time resting spent in this place.
 E = Time spent auto-exploring this place.
 F = Levels seen in this place.
 G = Mean time per level.
                   A        B        C        D        E       F      G
               +--------+--------+--------+--------+--------+-----+--------+
         Total |   4132 |   4021 |    111 |    453 |   2841 |   4 | 1033.0 |
       Dungeon |   4132 |   4021 |    111 |    453 |   2841 |   4 | 1033.0 |
               +--------+--------+--------+--------+--------+-----+--------+

Top non-repeatable levels by time:
     D:1: 1558 daAuts
     D:3: 1067 daAuts
     D:4: 918 daAuts
     D:2: 588 daAuts
